[Event "41st Amateur D7"]
[Site "ChessGUI4"]
[Date "2013.07.09"]
[Round "25.2"]
[White "MadChess 1.2"]
[Black "ChessKiss 1.7 64-bit"]
[Result "1-0"]
[BlackElo "2214"]
[ECO "B67"]
[EventDate "2013.??.??"]
[TimeControl "40/1500:40/1500:40/1500"]
[WhiteElo "2200"]

{ i5 Quad } 1.e4 c5 2.Nf3 Nc6 3.d4 cxd4 4.Nxd4 Nf6 5.Nc3 d6 6.Bg5 e6 7.Qd2 a6 8.O-O-O Bd7 9.f4 h6
{ [%eval -32,12] [%emt 0:00:43] (h6) } 10.Bxf6
{ [%eval -3,12] [%emt 0:00:43] (Bh4) } 10...Qxf6
{ [%eval -9,13] [%emt 0:00:42] (Qxf6) } 11.Nf3
{ [%eval -2,12] [%emt 0:02:55] (Nf3) } 11...Qd8
{ [%eval -3,12] [%emt 0:00:41] (Qd8) } 12.Qf2
{ [%eval 13,9] [%emt 0: 00:22] (Kb1) } 12...b5
{ [%eval 10,12] [%emt 0:01:00] (Qc7) } 13.Qg3
{ [%eval 14,9] [%emt 0:00:22] (g4) } 13...g5
{ [%eval 13,12] [%emt 0:00:37] (b4) } 14.a3
{ [%eval 19, 11] [%emt 0:01:20] (f5) } 14...gxf4
{ [%eval 25,11] [%emt 0:00:36] (Be7) } 15.Qxf4
{ [%eval 9,11] [%emt 0:00:25] (Qxf4) } 15...Qb6
{ [%eval 20,11] [%emt 0:00:35] (Rg8) } 16.Kb1
{ [%eval 0,10] [%emt 0:01:20] (Kb1) } 16...Rb8
{ [%eval 34,11] [%emt 0:00:33] (Be7) } 17.e5
{ [%eval 3,10] [%emt 0:01:05] (Na2) } 17...d5
{ [%eval 62,11] [%emt 0:00: 34] (d5) } 18.Be2
{ [%eval -15,9] [%emt 0:00:30] (Na2) } 18...b4
{ [%eval 124,12] [%emt 0:00:32] (b4) } 19.axb4
{ [%eval -123,10] [%emt 0:00:31] (axb4) } 19...Nxb4
{ [%eval 123,11] [%emt 0:00:31] (Bxb4) } 20.Qc1
{ [%eval -105,10] [%emt 0:00:31] (Qc1) } 20...Bc5
{ [%eval 143,12] [%emt 0:00:35] (Bc5) } 21.b3
{ [%eval -131,11] [%emt 0:00:23] (Ka1) } 21...Be3
{ [%eval 165,12] [%emt 0:00:30] (Be3) } 22.Qb2
{ [%eval -131, 11] [%emt 0:00:36] (Qb2) } 22...Rc8
{ [%eval 165,11] [%emt 0:00:28] (O-O) } 23.Bd3
{ [%eval -98,10] [%emt 0:00:34] (Ne1) } 23...O-O
{ [%eval 163,12] [%emt 0:00:26] (Rg8) } 24.Rhe1
{ [%eval -108,10] [%emt 0:00:23] (Ka1) } 24...Ra8
{ [%eval 171,11] [%emt 0:00: 21] (a5) } 25.Ne2
{ [%eval -32,9] [%emt 0:00:25] (Ne2) } 25...Nxd3
{ [%eval 158,12] [%emt 0:00:27] (Bf2) } 26.cxd3
{ [%eval -64,12] [%emt 0:00:43] (cxd3) } 26...Bc5
{ [%eval 177,12] [%emt 0:00:26] (Bc5) } 27.Rf1
{ [%eval -55,11] [%emt 0:00:20] (d4) } 27...Rfb8
{ [%eval 193,12] [%emt 0:00:25] (Rfc8) } 28.Nfd4
{ [%eval -49,11] [%emt 0:00:22] (Nd2) } 28...a5
{ [%eval 246,12] [%emt 0:00:24] (Ba4) } 29.Rf4
{ [%eval -10,11] [%emt 0:00:31] (Rf3) } 29...a4
{ [%eval 289,11] [%emt 0:00:24] (h5) } 30.Rg4+
{ [%eval -67,11] [%emt 0:00:38] (Rg4) } 30...Kh7
{ [%eval 289,11] [%emt 0:00: 22] (Kh7) } 31.Rf1
{ [%eval -13,12] [%emt 0:01:48] (Rf1) } 31...Be8
{ [%eval 227,10] [%emt 0:00:22] (Be8) } 32.Rf6
{ [%eval -13,10] [%emt 0:00:35] (Rf6) } 32...Bf8
{ [%eval 222,10] [%emt 0:00:21] (Qxb3) } 33.Qd2
{ [%eval -4,11] [%emt 0:00:54] (Rh4) } 33...Qb4
{ [%eval 238,10] [%emt 0:00:20] (Qb4) } 34.Qf4
{ [%eval -52,11] [%emt 0:00:24] (Qf4) } 34...Ra7
{ [%eval 165,9] [%emt 0:00:20] (Rb7) } 35.Rh4
{ [%eval 322, 11] [%emt 0:00:50] (Rh4) } 35...Qe1+
{ [%eval -185,11] [%emt 0:00:19] (Qe1) } 36.Nc1
{ [%eval 319,13] [%emt 0:00:42] (Nc1) } 36...Qxh4
{ [%eval -190,11] [%emt 0:00:19] (Qxh4) } 37.Qxh4
{ [%eval 311,13] [%emt 0:01:20] (Qxh4) } 37...Bg7
{ [%eval -193,11] [%emt 0:00:18] (axb3) } 38.Qg3
{ [%eval 313,12] [%emt 0:00:27] (g4) } 38...axb3
{ [%eval -234,12] [%emt 0:00:18] (axb3) } 39.Rf2
{ [%eval 327,11] [%emt 0:00:21] (Rf1) } 39...Ba4
{ [%eval -191,12] [%emt 0:00:18] (Ba4) } 40.Qe3
{ [%eval 332,11] [%emt 0:00:19] (Kb2) } 40...Rab7
{ [%eval -214,10] [%emt 0:00:17] (Rab7) } 41.Kb2
{ [%eval 332,12] [%emt 0:01:57] (Kb2) } 41...Bf8
{ [%eval -277,12] [%emt 0:00:59] (Rc8) } 42.Nce2
{ [%eval 339,11] [%emt 0:00:37] (Rf1) } 42...Ra8
{ [%eval -267,12] [%emt 0:00: 57] (Ra8) } 43.Rf6
{ [%eval 342,12] [%emt 0:00:47] (Rf6) } 43...Bg7
{ [%eval -274,11] [%emt 0:00:56] (Bg7) } 44.Rf1
{ [%eval 341,12] [%emt 0:00:36] (Rf4) } 44...Bf8
{ [%eval -246,13] [%emt 0:00:54] (Be8) } 45.Ra1
{ [%eval 329,10] [%emt 0:00:23] (Rf6) } 45...Bc5
{ [%eval -314,12] [%emt 0:00:52] (Rb4) } 46.Qf4
{ [%eval 417,12] [%emt 0:00:36] (Qc1) } 46...Bxd4+
{ [%eval -434,12] [%emt 0:00:51] (Rg8) } 47.Nxd4
{ [%eval 505,13] [%emt 0:00:44] (Nxd4) } 47...Rg8
{ [%eval -542,13] [%emt 0:00:50] (Ra5) } 48.g4
{ [%eval 495,13] [%emt 0:00:29] (g3) } 48...Be8
{ [%eval -593,14] [%emt 0:00: 49] (Rb4) } 49.Ra3
{ [%eval 533,13] [%emt 0:00:34] (Ra3) } 49...Rg7
{ [%eval -604,14] [%emt 0:00:47] (Rc7) } 50.Rxb3
{ [%eval 563,15] [%emt 0:00:52] (Nxb3) } 50...Ra7
{ [%eval -605,14] [%emt 0:00:45] (Rc7) } 1-0

[Event "41st Amateur D7"]
[Site "ChessGUI4"]
[Date "2013.07.09"]
[Round "25.3"]
[White "ProChess 1.02AD"]
[Black "FireFly 2.6.0 64-bit"]
[Result "0-1"]
[BlackElo "2258"]
[ECO "E21"]
[EventDate "2013.??.??"]
[TimeControl "40/1500:40/1500:40/1500"]
[WhiteElo "2244"]

{ i5 Quad } 1.d4 e6 2.c4 Nf6 3.Nc3 Bb4 4.Nf3 O-O 5.Bg5 d5 6.cxd5 exd5 7.e3 Nbd7 8.Rc1 c5 9.Be2 h6
{ [%eval -32,12] [%emt 0:00:57] (Qa5) } 10.Bxf6
{ [%eval -5,13] [%emt 0:00:54] (Bf4) } 10...Nxf6
{ [%eval -23, 12] [%emt 0:00:56] (Nxf6) } 11.dxc5
{ [%eval 0,13] [%emt 0:01:16] (O-O) } 11...Ne4
{ [%eval -42,12] [%emt 0:00:46] (Bxc3) } 12.Qd4
{ [%eval 54,13] [%emt 0:00:38] (O-O) } 12...Qa5
{ [%eval 2,12] [%emt 0:00:46] (Qa5) } 13.Qxd5
{ [%eval 57,13] [%emt 0: 00:54] (O-O) } 13...Nxc3
{ [%eval 85,12] [%emt 0:00:46] (Nxc3) } 14.bxc3
{ [%eval 52, 14] [%emt 0:01:00] (bxc3) } 14...Bxc3+
{ [%eval 70,12] [%emt 0:00:45] (Bxc3) } 15.Kf1
{ [%eval 54,14] [%emt 0:02:34] (Kf1) } 15...Be6
{ [%eval 60,12] [%emt 0:00:45] (Be6) } 16.Qxb7
{ [%eval 28,13] [%emt 0:04:52] (Qxb7) } 16...Qxc5
{ [%eval 104,11] [%emt 0:00: 44] (Qxa2) } 17.Qa6
{ [%eval 50,12] [%emt 0:01:51] (Bd3) } 17...Qb4
{ [%eval 102,11] [%emt 0:00:35] (Qb4) } 18.Ne1
{ [%eval 39,11] [%emt 0:00:21] (h3) } 18...Qb2
{ [%eval 82,12] [%emt 0:00:35] (Qb2) } 19.Nd3
{ [%eval 20,12] [%emt 0:00:22] (Nd3) } 19...Qd2
{ [%eval 98,11] [%emt 0:00:35] (Qd2) } 20.Qa4
{ [%eval 18,11] [%emt 0:00:18] (Qa4) } 20...Rab8
{ [%eval 98,12] [%emt 0:00:35] (Rab8) } 21.Qd1
{ [%eval 5,11] [%emt 0:00: 16] (Qd1) } 21...Rfc8
{ [%eval 98,12] [%emt 0:00:35] (Bxa2) } 22.a4
{ [%eval 4,12] [%emt 0:00:52] (Qxd2) } 22...Qa2
{ [%eval 124,11] [%emt 0:00:35] (Qa2) } 23.Bg4
{ [%eval -5,12] [%emt 0:00:38] (Bg4) } 23...f5
{ [%eval 152,12] [%emt 0:00:35] (Bxg4) } 24.Bf3
{ [%eval -41,11] [%emt 0:00:13] (Bf3) } 24...Bb3
{ [%eval 162,12] [%emt 0:00: 35] (Bb3) } 25.Qe2
{ [%eval -51,13] [%emt 0:00:23] (Qe2) } 25...Qa3
{ [%eval 220,12] [%emt 0:00:35] (Bd2) } 26.Kg1
{ [%eval -25,12] [%emt 0:00:26] (Kg1) } 26...Bc4
{ [%eval 220,12] [%emt 0:00:35] (Bc4) } 27.Rd1
{ [%eval -240,12] [%emt 0:00:16] (Rd1) } 27...Rd8
{ [%eval 430,12] [%emt 0:00:32] (Rd8) } 28.g4
{ [%eval -247,11] [%emt 0:00:47] (g3) } 28...Ba5
{ [%eval 440,12] [%emt 0:00:22] (Bf6) } 29.Bc6
{ [%eval -244, 11] [%emt 0:00:09] (Kg2) } 29...Bxd3
{ [%eval 506,12] [%emt 0:00:23] (Bxd3) } 30.Qf3
{ [%eval -290,11] [%emt 0:00:15] (Qf3) } 30...fxg4
{ [%eval 578,12] [%emt 0:00:23] (Rd6) } 31.Qxg4
{ [%eval -366,10] [%emt 0:00:07] (Qxg4) } 31...Rd6
{ [%eval 576,11] [%emt 0: 00:24] (Rd6) } 32.Bd5+
{ [%eval -396,11] [%emt 0:00:54] (Bg2) } 32...Kh8
{ [%eval 642, 11] [%emt 0:00:24] (Kh8) } 33.Rxd3
{ [%eval -461,11] [%emt 0:00:06] (Rxd3) } 33...Qxd3
{ [%eval 665,13] [%emt 0:00:25] (Qxd3) } 34.Be4
{ [%eval -463,12] [%emt 0:00:27] (Be4) } 34...Qd1+
{ [%eval 687,13] [%emt 0:00:25] (Rb4) } 35.Qxd1
{ [%eval -468,12] [%emt 0:00:04] (Qxd1) } 35...Rxd1+
{ [%eval 720,15] [%emt 0:00:26] (Rxd1) } 36.Kg2
{ [%eval -383,1] [%emt 0:00:00] (Kg2) } 36...Rxh1
{ [%eval 720,15] [%emt 0:00:27] (Rd2) } 37.Kxh1
{ [%eval -530,15] [%emt 0:00:07] (Kxh1) } 37...Rb2
{ [%eval 767,15] [%emt 0: 00:28] (Rb2) } 38.Kg2
{ [%eval -541,15] [%emt 0:00:13] (Kg1) } 38...Be1
{ [%eval 786, 15] [%emt 0:00:29] (Be1) } 39.Bd5
{ [%eval -547,14] [%emt 0:00:13] (Kg3) } 39...Rxf2+
{ [%eval 839,14] [%emt 0:00:30] (Rxf2) } 40.Kg1
{ [%eval -550,14] [%emt 0:00:04] (Kh1) } 0-1

[Event "41st Amateur D7"]
[Site "ChessGUI4"]
[Date "2013.07.09"]
[Round "25.4"]
[White "Waxman 2011"]
[Black "Tigran 2.3 64-bit"]
[Result "0-1"]
[BlackElo "2289"]
[ECO "E05"]
[EventDate "2013.??.??"]
[TimeControl "40/1500:40/1500:40/1500"]
[WhiteElo "2256"]

{ i5 Quad } 1.d4 Nf6 2.c4 e6 3.g3 d5 4.Nf3 Be7 5.Bg2 O-O 6.O-O dxc4 7.Qc2 a6 8.a4 Bd7 9.Qxc4 Bc6 { [%eval -24,12] [%emt 0:00:42] (Bc6) } 10.Bg5
{ [%eval -44,12] [%emt 0:00:35] (Qc2) } 10...h6
{ [%eval -12,13] [%emt 0:00:41] (Nbd7) } 11.Bxf6
{ [%eval -31,14] [%emt 0:01:05] (Bf4) } 11...Bxf6
{ [%eval -5,14] [%emt 0:00:42] (Bxf6) } 12.Nc3
{ [%eval -14,12] [%emt 0:00:36] (Nc3) } 12...a5
{ [%eval -7,14] [%emt 0:00:42] (Re8) } 13.Ne5
{ [%eval -14,12] [%emt 0:00:43] (e4) } 13...Bxe5
{ [%eval 6,14] [%emt 0:00:42] (Bxg2) } 14.dxe5
{ [%eval -21,12] [%emt 0:00:43] (dxe5) } 14...Nd7
{ [%eval 3,14] [%emt 0:00:43] (Bxg2) } 15.Bxc6
{ [%eval 18,13] [%emt 0:00:34] (Bxc6) } 15...Nxe5
{ [%eval 14,16] [%emt 0:00: 43] (Nxe5) } 16.Qb5
{ [%eval -7,14] [%emt 0:00:46] (Qb5) } 16...Nxc6
{ [%eval -3,15] [%emt 0:00:43] (Nxc6) } 17.Qxb7
{ [%eval 16,13] [%emt 0:00:37] (Qxb7) } 17...Nd4
{ [%eval -7,15] [%emt 0:00:42] (Ne5) } 18.Rfd1
{ [%eval 26,13] [%emt 0:00:42] (Rfd1) } 18...c6
{ [%eval -18,14] [%emt 0:00:41] (c6) } 19.e3
{ [%eval 20,12] [%emt 0: 00:12] (e3) } 19...Rb8
{ [%eval -6,14] [%emt 0:00:44] (Rb8) } 20.Qa6
{ [%eval 12,14] [%emt 0:00:47] (Qa6) } 20...Nf3+
{ [%eval -14,14] [%emt 0:00:39] (Nf3) } 21.Kg2
{ [%eval 15,14] [%emt 0:00:59] (Kg2) } 21...Qg5
{ [%eval -14,13] [%emt 0:00:45] (Qf6) } 22.Kxf3
{ [%eval 79,11] [%emt 0:00:22] (Qe2) } 22...Rxb2
{ [%eval 46,14] [%emt 0:00: 36] (Rxb2) } 23.Ne2
{ [%eval 48,12] [%emt 0:00:39] (Ne2) } 23...Qh5+
{ [%eval 31,14] [%emt 0:00:43] (Qh5) } 24.g4
{ [%eval 70,12] [%emt 0:00:29] (Kg2) } 24...Qh3+
{ [%eval 96,12] [%emt 0:00:45] (Qh3) } 25.Ng3
{ [%eval 44,13] [%emt 0:00:39] (Ng3) } 25...f5
{ [%eval 158,13] [%emt 0:00:46] (f5) } 26.Qxa5
{ [%eval 32,12] [%emt 0:00: 39] (Qxa5) } 26...fxg4+
{ [%eval 184,12] [%emt 0:00:46] (fxg4) } 27.Ke4
{ [%eval 32,3] [%emt 0:00:00] (Ke4) } 27...Qxh2
{ [%eval 184,11] [%emt 0:00:46] (Qg2) } 28.Rg1
{ [%eval -4,11] [%emt 0:01:40] (Qe5) } 28...Qxf2
{ [%eval 457,11] [%emt 0:00:45] (Rfxf2) } 29.Raf1
{ [%eval -28,13] [%emt 0:00:42] (Raf1) } 29...Qc2+
{ [%eval 609,13] [%emt 0: 00:47] (Qc2) } 30.Ke5
{ [%eval -305,13] [%emt 0:00:39] (Ke5) } 30...Rb5+
{ [%eval 675, 13] [%emt 0:00:48] (Rb5) } 31.Qxb5
{ [%eval -507,13] [%emt 0:01:10] (Qxb5) } 31...Qc3+
{ [%eval 674,11] [%emt 0:00:48] (cxb5) } 0-1

[Event "41st Amateur D7"]
[Site "ChessGUI4"]
[Date "2013.07.09"]
[Round "25.5"]
[White "Gibbon 2.57a 64-bit"]
[Black "Butcher 1.64 64-bit"]
[Result "1/2-1/2"]
[BlackElo "2355"]
[ECO "B30"]
[EventDate "2013.??.??"]
[TimeControl "40/1500:40/1500:40/1500"]
[WhiteElo "2251"]

{ i5 Quad } 1.e4 c5 2.Nf3 Nc6 3.Nc3 g6 4.Bb5 Bg7 5.O-O Nf6 6.Bxc6 dxc6 7.h3 Nd7 8.d3 Nf8 9.Be3 Nd7
{ [%eval 46,11] [%emt 0:01:06] (Ne6) } 10.Qd2
{ [%eval 41,13] [%emt 0:00:35] (Qd2) } 10...h6
{ [%eval 65,12] [%emt 0:01:00] (h5) } 11.d4
{ [%eval 51,13] [%emt 0:01:07] (d4) } 11...cxd4
{ [%eval 70,12] [%emt 0:00:59] (Qa5) } 12.Bxd4
{ [%eval 48,13] [%emt 0:00:22] (Bxd4) } 12...e5
{ [%eval 71,13] [%emt 0:00:58] (Bxd4) } 13.Be3
{ [%eval 78,14] [%emt 0:00:33] (Be3) } 13...Qe7
{ [%eval 57,12] [%emt 0:01:02] (Qe7) } 14.Rfd1
{ [%eval 77,13] [%emt 0:00:41] (Rfd1) } 14...g5
{ [%eval 72,11] [%emt 0:01:03] (Nb6) } 15.a4
{ [%eval 80,12] [%emt 0:00:22] (Ne2) } 15...O-O
{ [%eval 44,12] [%emt 0:01:02] (O-O) } 16.Qd6
{ [%eval 64,13] [%emt 0:00:36] (a5) } 16...Qxd6
{ [%eval 37,12] [%emt 0:01:01] (Qxd6) } 17.Rxd6
{ [%eval 72,13] [%emt 0:00:06] (Rxd6) } 17...Re8
{ [%eval 33,12] [%emt 0:00: 50] (Nb6) } 18.Rad1
{ [%eval 57,13] [%emt 0:00:24] (Rad1) } 18...Nf6
{ [%eval 26,12] [%emt 0:01:00] (Nf6) } 19.h4
{ [%eval 49,14] [%emt 0:01:16] (g4) } 19...gxh4
{ [%eval 22,12] [%emt 0:00:58] (g4) } 20.Nxh4
{ [%eval 49,14] [%emt 0:00:25] (Nxh4) } 20...Ng4
{ [%eval 9,12] [%emt 0:00:53] (Kh7) } 21.Rd8
{ [%eval 94,16] [%emt 0:00:32] (Bc1) } 21...Be6
{ [%eval 108,13] [%emt 0:00:48] (Be6) } 22.Rxe8+
{ [%eval 88,16] [%emt 0: 00:18] (Rxe8) } 22...Rxe8
{ [%eval 100,14] [%emt 0:00:48] (Rxe8) } 23.Bxa7
{ [%eval 84, 16] [%emt 0:00:16] (Bxa7) } 23...Bf8
{ [%eval 108,13] [%emt 0:00:45] (Bf8) } 24.Bb6
{ [%eval 90,15] [%emt 0:00:18] (Bb6) } 24...Ra8
{ [%eval 104,13] [%emt 0:00:46] (Ra8) } 25.Nf5
{ [%eval 83,15] [%emt 0:00:31] (Nf5) } 25...Bb4
{ [%eval 112,12] [%emt 0:00:46] (Bxf5) } 26.a5
{ [%eval 84,15] [%emt 0:00:39] (Nd6) } 26...Bxf5
{ [%eval 106,13] [%emt 0:00:45] (Nf6) } 27.exf5
{ [%eval 88,15] [%emt 0:00:11] (exf5) } 27...Nf6
{ [%eval 104, 12] [%emt 0:00:44] (Kg7) } 28.Bc7
{ [%eval 89,14] [%emt 0:00:18] (Kh2) } 28...Ne8
{ [%eval 120,13] [%emt 0:00:43] (e4) } 29.Bxe5
{ [%eval 104,15] [%emt 0:00:20] (Na2) } 29...Rxa5
{ [%eval 119,13] [%emt 0:00:42] (Rxa5) } 30.f4
{ [%eval 103,15] [%emt 0:00:25] (Re1) } 30...f6
{ [%eval 108,13] [%emt 0:00:35] (Bc5) } 31.Rd8
{ [%eval 98,15] [%emt 0:00:12] (Rd8) } 31...Kf7
{ [%eval 94,13] [%emt 0:00:36] (Kf7) } 32.Rd7+
{ [%eval 92,15] [%emt 0:00:11] (Rd7) } 32...Be7
{ [%eval 84,14] [%emt 0:00:41] (Be7) } 33.Bb8
{ [%eval 93,16] [%emt 0:00:28] (Bb8) } 33...b6
{ [%eval 95,13] [%emt 0: 00:37] (b6) } 34.Rb7
{ [%eval 89,15] [%emt 0:00:28] (Rb7) } 34...Ra1+
{ [%eval 94,13] [%emt 0:00:34] (Rxf5) } 35.Kh2
{ [%eval 99,16] [%emt 0:00:10] (Kh2) } 35...Rc1
{ [%eval 92,13] [%emt 0:00:31] (Rc1) } 36.Rxb6
{ [%eval 98,16] [%emt 0:00:11] (Ne4) } 36...Rxc2
{ [%eval 96,14] [%emt 0:00:29] (Rxc2) } 37.Kh3
{ [%eval 100,16] [%emt 0:00:27] (Kh3) } 37...h5
{ [%eval 95,13] [%emt 0:00:27] (h5) } 38.Ne4
{ [%eval 94,16] [%emt 0:00:20] (g4) } 38...Kf8
{ [%eval 98,12] [%emt 0:00:24] (Rc4) } 39.Rb7
{ [%eval 103,14] [%emt 0:00:08] (Ba7) } 39...h4
{ [%eval 86,13] [%emt 0:00:19] (Rc4) } 40.Kxh4
{ [%eval 96,15] [%emt 0:00:12] (g4) } 40...Re2
{ [%eval 91,13] [%emt 0:00:15] (Rxg2) } 41.Ng3
{ [%eval 97,18] [%emt 0:00:50] (Nc3) } 41...Rxg2
{ [%eval 87,14] [%emt 0:00:49] (Rxg2) } 42.Ne4
{ [%eval 99,17] [%emt 0:01:08] (Kg4) } 42...Re2
{ [%eval 75, 14] [%emt 0:00:46] (Re2) } 43.Nc3
{ [%eval 97,17] [%emt 0:00:36] (Ng3) } 43...Rd2
{ [%eval 88,13] [%emt 0:00:48] (Rd2) } 44.Kg4
{ [%eval 105,17] [%emt 0:00:56] (Kg4) } 44...Rg2+
{ [%eval 89,13] [%emt 0:00:48] (Rg2) } 45.Kf3
{ [%eval 105,18] [%emt 0:01:00] (Kf3) } 45...Rd2
{ [%eval 82,13] [%emt 0:00:48] (Rd2) } 46.Ne4
{ [%eval 105, 17] [%emt 0:00:54] (Be5) } 46...Rd5
{ [%eval 78,13] [%emt 0:00:53] (Rd3) } 47.Kg4
{ [%eval 105,17] [%emt 0:00:38] (Ng3) } 47...Rd4
{ [%eval 84,13] [%emt 0:00:52] (Rd1) } 48.Nc3
{ [%eval 105,17] [%emt 0:00:25] (Nc3) } 48...c5
{ [%eval 86,14] [%emt 0:00:51] (Rd2) } 49.Ne2
{ [%eval 102,16] [%emt 0:00:53] (Ba7) } 49...Rd2
{ [%eval 80,13] [%emt 0:00:51] (Rd3) } 50.Ng3
{ [%eval 105,17] [%emt 0:01:24] (Nc3) } 50...c4
{ [%eval 85,13] [%emt 0:00:50] (Rg2) } 51.Rb5
{ [%eval 108,15] [%emt 0:00:20] (Be5) } 51...Kg7
{ [%eval 81,13] [%emt 0:00:49] (Rd1) } 52.Ne4
{ [%eval 112,16] [%emt 0:00:32] (Ne4) } 52...Rd4
{ [%eval 81,13] [%emt 0:00:48] (Rd4) } 53.Nc3
{ [%eval 106,16] [%emt 0:00:24] (Kf3) } 53...Bd6
{ [%eval 92,13] [%emt 0:00:48] (Rd3) } 54.Rb7+
{ [%eval 138, 16] [%emt 0:00:31] (Rb7) } 54...Kh6
{ [%eval 107,14] [%emt 0:00:41] (Kg8) } 55.Bxd6
{ [%eval 138,18] [%emt 0:00:50] (Bxd6) } 55...Nxd6
{ [%eval 121,16] [%emt 0:00:34] (Nxd6) } 56.Rc7
{ [%eval 125,18] [%emt 0:00:36] (Re7) } 56...Rd2
{ [%eval 106,15] [%emt 0:00:40] (Rd2) } 57.Na4
{ [%eval 119,18] [%emt 0:00:47] (Na4) } 57...Rd1
{ [%eval 103,15] [%emt 0:01:59] (Rg2) } 58.Nc3
{ [%eval 117,17] [%emt 0:00:32] (Nb6) } 58...Rd2
{ [%eval 132,15] [%emt 0:01:01] (Rd2) } 59.Rd7
{ [%eval 125,18] [%emt 0:00:18] (Rd7) } 59...Rd3
{ [%eval 120,17] [%emt 0:00:58] (Rd3) } 60.Rd8
{ [%eval 125, 18] [%emt 0:00:20] (Re7) } 60...Kg7
{ [%eval 97,15] [%emt 0:00:55] (Kg7) } 61.Ra8
{ [%eval 125,17] [%emt 0:00:24] (Na4) } 61...Rd2
{ [%eval 76,13] [%emt 0:00:29] (Rd4) } 62.Ra7+
{ [%eval 95,17] [%emt 0:00:24] (Na4) } 62...Kh6
{ [%eval 131,14] [%emt 0:00: 51] (Kh6) } 63.Rd7
{ [%eval 110,18] [%emt 0:00:31] (Rd7) } 63...Rd3
{ [%eval 85,16] [%emt 0:01:21] (Rd3) } 64.Rd8
{ [%eval 125,18] [%emt 0:00:22] (Re7) } 64...Kg7
{ [%eval 88,15] [%emt 0:00:40] (Kg7) } 65.Na4
{ [%eval 116,18] [%emt 0:00:45] (Na4) } 65...Kf7
{ [%eval 96,14] [%emt 0:00:36] (Kf7) } 66.Rd7+
{ [%eval 102,17] [%emt 0:00:30] (Rd7) } 66...Ke8
{ [%eval 93,13] [%emt 0:00:12] (Ke8) } 67.Ra7
{ [%eval 85,18] [%emt 0:01:06] (Nb6) } 67...Rd5
{ [%eval 68,12] [%emt 0:00:14] (Rd5) } 68.Nc3
{ [%eval 77,17] [%emt 0:00:37] (Rc7) } 68...Rd2
{ [%eval 51,12] [%emt 0:00:14] (Rd2) } 69.Na4
{ [%eval 96,16] [%emt 0:00:25] (Kh5) } 69...Rg2+
{ [%eval 65,12] [%emt 0:00:14] (Rd5) } 70.Kh3
{ [%eval 114,17] [%emt 0:00:19] (Kf3) } 70...Rd2
{ [%eval 61,12] [%emt 0:00:14] (Rd2) } 71.Ra5
{ [%eval 117,17] [%emt 0:00:30] (Rc7) } 71...Kf8
{ [%eval 56, 11] [%emt 0:00:13] (Ke7) } 72.Rc5
{ [%eval 117,16] [%emt 0:00:10] (Rc5) } 72...Kg7
{ [%eval 45,12] [%emt 0:00:12] (Ke7) } 73.Kg4
{ [%eval 98,17] [%emt 0:00:25] (Kg4) } 73...Rg2+
{ [%eval 57,12] [%emt 0:00:13] (Rg2) } 74.Kf3
{ [%eval 109,17] [%emt 0:00: 13] (Kf3) } 74...Rd2
{ [%eval 60,12] [%emt 0:00:10] (Rd2) } 75.Rc6
{ [%eval 94,17] [%emt 0:00:47] (Rc7) } 75...Rd3+
{ [%eval 66,12] [%emt 0:00:14] (Rd3) } 76.Ke2
{ [%eval 85,17] [%emt 0:00:12] (Ke2) } 76...Rd4
{ [%eval 71,12] [%emt 0:00:09] (Nxf5) } 77.Nb6
{ [%eval 65,17] [%emt 0:00:26] (Nb6) } 77...Kf7
{ [%eval 108,11] [%emt 0:00:11] (Kh6) } 78.Kf3
{ [%eval 117,16] [%emt 0:00:14] (Kf3) } 78...Rd3+
{ [%eval 118,11] [%emt 0:00:10] (Rd2) } 79.Kg4
{ [%eval 110,16] [%emt 0:00:11] (Kg4) } 79...Kg7
{ [%eval 124,13] [%emt 0:00:14] (Rd2) } 80.Rc7+
{ [%eval 132,17] [%emt 0:00:16] (Kh4) } 80...Kh6
{ [%eval 144,14] [%emt 0:00:17] (Kh6) } 81.Re7
{ [%eval 125,19] [%emt 0:00:37] (Re7) } 81...Rd1
{ [%eval 129,15] [%emt 0:00:49] (Rb3) } 82.Re6
{ [%eval 149, 18] [%emt 0:01:28] (Re6) } 82...Kg7
{ [%eval 147,15] [%emt 0:00:49] (Kg7) } 83.Nd7
{ [%eval 160,17] [%emt 0:00:50] (Nd7) } 83...Kf7
{ [%eval 138,14] [%emt 0:00:44] (Rg1) } 84.Nxf6
{ [%eval 182,17] [%emt 0:00:30] (Nxf6) } 84...Rg1+
{ [%eval 107,14] [%emt 0: 00:48] (Rg1) } 85.Kf3
{ [%eval 130,18] [%emt 0:02:15] (Kf3) } 85...Rf1+
{ [%eval 112, 14] [%emt 0:00:48] (Rf1) } 86.Kg2
{ [%eval 110,19] [%emt 0:00:59] (Kg4) } 86...Nxf5
{ [%eval 111,16] [%emt 0:01:26] (Nxf5) } 87.Kxf1
{ [%eval 103,19] [%emt 0:00:40] (Kxf1) } 87...Kxe6
{ [%eval 108,16] [%emt 0:00:51] (Kxe6) } 88.Ne4
{ [%eval 45,20] [%emt 0:00:30] (Ng4) } 88...Kd5
{ [%eval 104,15] [%emt 0:00:50] (Ne3) } 89.Nc3+
{ [%eval 98,22] [%emt 0:00:30] (Nf2) } 89...Kd4
{ [%eval 99,16] [%emt 0:01:15] (Kc5) } 90.Ke2
{ [%eval 58,23] [%emt 0:00:58] (Ke2) } 90...Nd6
{ [%eval 103,15] [%emt 0:01:13] (Nh4) } 91.Kd2
{ [%eval 46,23] [%emt 0:00:50] (Kd2) } 91...Nf5
{ [%eval 114,15] [%emt 0:00:45] (Nf5) } 92.Ke2
{ [%eval 58,22] [%emt 0:00:40] (Nd1) } 92...Ne7
{ [%eval 127, 15] [%emt 0:01:18] (Nh4) } 93.Nd1
{ [%eval 45,21] [%emt 0:00:39] (Kf3) } 93...Ke4
{ [%eval 114,15] [%emt 0:00:43] (Nd5) } 94.Kd2
{ [%eval 65,21] [%emt 0:00:19] (Kd2) } 94...Kxf4
{ [%eval 137,14] [%emt 0:00:36] (Kd4) } 95.Kc3
{ [%eval 155,22] [%emt 0:00:19] (Kc3) } 95...Nc6
{ [%eval 153,15] [%emt 0:00:35] (Kf3) } 96.Kxc4
{ [%eval 111,23] [%emt 0:00:25] (Kxc4) } 1/2-1/2